Map: Lerilak Crest

Players

Grumm - Winner!

  • Race: Protoss Protoss
  • League: Gold

ILOVELUCINA

  • Race: Terran Terran
  • League: Bronze

VOD

Have the link to the VOD?

Description

Time

  • Played on: Jan. 15, 2016, 1:39 a.m.
  • Length: 13:39
Show
View Real Time Build Order
Export as new Build Order

Grumm Protoss - Winner!

Build Orders: 1 Gate Expand, Oracle Opening 

Get SALT Encoding   

  12  0:01  Probe (Chrono Boost)  
  13  0:11  Probe (Chrono Boost)  
  14  0:21  Pylon  
  14  0:22  Probe (Chrono Boost)  
  15  0:31  Assimilator  
  15  0:40  Gateway  
  15  0:45  Probe (Chrono Boost)  
  16  0:55  Probe (Chrono Boost)  
  17  1:06  Probe (Chrono Boost)  
  18  1:25  Nexus  
  18  1:27  Probe (Chrono Boost)  
  19  1:37  Probe (Chrono Boost)  
  20  1:44  Cybernetics Core  
  20  1:48  Probe (Chrono Boost)  
  21  1:58  Probe (Chrono Boost)  
  21  2:05  Assimilator  
  21  2:11  Probe (Chrono Boost)  
  22  2:24  Pylon  
  22  2:26  Pylon  
  22  2:30  Probe (Chrono Boost)  
  22  2:34  Stargate  
  23  2:40  Probe (Chrono Boost)  
  23  2:41  Probe (Chrono Boost)  
  28  2:51  Mothership Core (Chrono Boost), Probe (Chrono Boost)  
  28  2:58  Adept  
  30  3:02  Probe (Chrono Boost)  
  31  3:09  Probe (Chrono Boost)  
  31  3:10  Pylon  
  31  3:12  Probe (Chrono Boost)  
  33  3:16  Warp Gate (Chrono Boost)  
  34  3:20  Probe (Chrono Boost)  
  34  3:23  Probe (Chrono Boost)  
  35  3:29  Pylon, Probe (Chrono Boost)  
  35  3:33  Oracle (Chrono Boost)  
  35  3:34  Probe  
  40  3:41  Probe  
  40  3:46  Assimilator, Probe  
  42  3:50  Assimilator  
  42  3:52  Gateway, Probe  
  43  3:58  Probe  
  42  4:04  Probe  
  43  4:10  Probe  
  43  4:15  Probe  
  45  4:17  Stargate  
  45  4:19  Pylon  
  45  4:29  Probe, Gateway  
  45  4:30  Probe  
  45  4:31  Pylon  
  47  4:39  Probe  
  47  4:42  Probe  
  49  4:47  Stalker x2  
  49  4:48  Void Ray  
  57  5:22  Probe  
  57  5:23  Probe  
  59  5:37  Void Ray x2  
  67  5:44  Nexus  
  67  5:46  Pylon  
  67  5:48  Fleet Beacon  
  67  5:49  Forge, Zealot  
  69  5:50  Pylon  
  69  5:51  Sentry  
  69  5:53  Sentry  
  73  6:03  Gateway, Probe  
  73  6:04  Probe  
  75  6:14  Probe  
  75  6:15  Pylon  
  75  6:16  Probe  
  77  6:28  Photon Cannon  
  77  6:30  Photon Cannon  
  77  6:34  Zealot x2  
  77  6:35  Stalker  
  83  6:42  Tempest (Chrono Boost)  
  87  6:51  Tempest (Chrono Boost)  
  87  6:52  Protoss Air Weapons Level 1 (Chrono Boost)  
  91  7:00  Protoss Ground Weapons Level 1 (Chrono Boost)  
  91  7:02  Probe x2  
  91  7:07  Probe  
  93  7:09  Assimilator  
  93  7:14  Probe  
  93  7:15  Sentry  
  97  7:18  Probe  
  98  7:28  Probe  
  98  7:36  Probe  
  98  7:37  Probe  
  101  7:39  Probe  
  102  7:46  Robotics Facility  
  102  7:48  Pylon, Probe  
  102  7:51  Assimilator  
  103  7:59  Zealot  
  103  8:00  Zealot x3  
  103  8:05  Tempest (Chrono Boost)  
  115  8:06  Carrier (Chrono Boost)  
  115  8:09  Graviton Catapult  
  121  8:24  Photon Cannon  
  121  8:31  Photon Cannon  
  121  8:32  Probe x2  
  123  8:38  Nexus  
  123  8:39  Pylon  
  127  8:54  Void Ray (Chrono Boost)  
  127  8:59  Probe  
  127  9:00  Stalker x2  
  127  9:01  Stalker x2  
  136  9:06  Photon Cannon  
  136  9:09  Pylon  
  136  9:13  Probe x2  
  138  9:21  Protoss Air Armor Level 1  
  138  9:23  Photon Cannon  
  138  9:25  Probe  
  138  9:28  Pylon  
  139  9:33  Carrier (Chrono Boost)  
  145  9:39  Protoss Ground Armor Level 1 (Chrono Boost)  
  145  9:45  Carrier  
  145  9:47  Probe  
  145  9:48  Probe  
  145  9:51  Photon Cannon  
  153  9:53  Pylon  
  153  9:55  Observer  
  153  9:59  Robotics Bay  
  154  10:01  Pylon  
  154  10:04  Probe x2  
  156  10:13  Assimilator  
  156  10:16  Assimilator  
  140  10:34  Zealot x2  
  140  10:35  Zealot x2  
  94  10:57  Stalker  
  94  10:58  Stalker x2  
  100  11:16  Void Ray x2 (Chrono Boost)  
  108  11:20  Probe  
  108  11:24  Pylon  
  109  11:27  Pylon  
  109  11:28  Probe x2, Photon Cannon  
  109  11:29  Probe  
  109  11:30  Pylon, Photon Cannon  
  109  11:32  Pylon, Probe  
  112  11:38  Probe  
  113  11:41  Probe  
  113  11:44  Photon Cannon  
  115  11:47  Gateway  
  115  11:48  Gateway  
  115  11:51  Photon Cannon  
  115  11:53  Photon Cannon  
  115  11:54  Extended Thermal Lance, Photon Cannon  
  115  11:55  Stalker x4  
  115  11:57  Void Ray (Chrono Boost)  
  115  12:00  Void Ray (Chrono Boost)  
  131  12:07  Colossus (Chrono Boost)  
  137  12:15  Twilight Council  
  137  12:17  Pylon  
  137  12:18  Probe x2  
  139  12:31  Nexus  
  139  12:35  Zealot  
  139  12:36  Zealot x3  
  137  13:03  Stalker  
  137  13:04  Stalker x3  
  135  13:16  Robotics Facility  
Show
View Real Time Build Order
Export as new Build Order

ILOVELUCINA Terran 

Build Orders: MMM Bio 

Get SALT Encoding   

  12  0:01  SCV  
  13  0:13  SCV  
  14  0:20  Supply Depot  
  14  0:31  SCV  
  15  0:43  Barracks  
  15  0:45  SCV  
  16  0:52  Refinery  
  16  0:58  SCV  
  17  1:32  Command Center  
  17  1:34  Marine  
  18  1:52  Orbital Command  
  18  1:58  Supply Depot  
  18  2:02  Barracks Reactor  
  18  2:18  SCV  
  19  2:27  Barracks  
  19  2:36  Barracks  
  19  2:40  SCV  
  19  2:41  Marine  
  19  2:42  Marine  
  22  2:52  SCV  
  22  2:57  Engineering Bay  
  23  2:59  Marine  
  23  3:05  SCV  
  25  3:07  Orbital Command  
  25  3:12  Marine  
  25  3:17  Marine, SCV  
  25  3:19  Supply Depot  
  28  3:23  Barracks Tech Lab  
  28  3:28  Barracks Tech Lab  
  28  3:39  SCV  
  29  3:43  SCV  
  29  3:47  Stimpack  
  32  3:48  Marauder, Marine  
  32  3:49  Marine  
  32  3:51  SCV  
  35  3:55  SCV  
  35  3:56  Supply Depot  
  36  4:04  SCV  
  36  4:06  Marine x2  
  41  4:10  Marauder  
  41  4:13  Marine  
  41  4:16  SCV  
  43  4:20  Factory  
  43  4:22  Combat Shields  
  43  4:23  Marine  
  44  4:28  Refinery  
  44  4:31  Marine  
  44  4:36  Marine  
  44  4:38  Marauder  
  48  4:41  Marine  
  48  4:42  SCV x2  
  51  4:49  Marine  
  52  4:54  SCV  
  53  5:01  Supply Depot  
  53  5:10  Factory Reactor  
  49  5:36  Missile Turret  
  49  5:42  Marine x2  
  50  5:44  Marauder, Marine  
  50  5:47  Factory Reactor  
  50  5:48  Terran Infantry Weapons Level 1  
  54  5:59  Missile Turret  
  54  6:00  Marine x2, SCV  
  54  6:02  Marine  
  54  6:03  Refinery  
  58  6:06  Marauder  
  58  6:07  Refinery  
  60  6:12  SCV  
  60  6:18  Marine x2  
  62  6:20  Marine  
  64  6:27  Marauder  
  64  6:29  Sensor Tower  
  66  6:38  Marine  
  67  6:40  Concussive Shells  
  67  6:41  Marine x2  
  69  6:50  Starport  
  69  6:52  Supply Depot  
  69  6:55  Marauder  
  69  6:56  Marine  
  69  6:59  Marine x2  
  74  7:03  SCV  
  74  7:05  SCV  
  76  7:14  Marine  
  76  7:15  SCV  
  78  7:17  Marauder, Marine x2, SCV  
  78  7:18  Supply Depot  
  83  7:26  Medivac  
  83  7:27  SCV  
  86  7:39  Medivac, Marine  
  86  7:40  Marauder  
  86  7:42  Supply Depot  
  91  7:47  Supply Depot, Terran Infantry Armor Level 1  
  91  8:01  Marine  
  91  8:02  Sensor Tower, Marine  
  91  8:04  Marine x2  
  95  8:12  Medivac x2  
  97  8:18  Supply Depot  
  97  8:19  Marine x2  
  100  8:21  Marine  
  100  8:22  Marine  
  100  8:23  Engineering Bay  
  100  8:27  Missile Turret  
  103  8:37  Marine  
  103  8:40  Marauder, Marine  
  107  8:41  SCV  
  108  8:49  Marine  
  108  8:53  SCV  
  108  8:55  Marine  
  111  8:58  Marine  
  111  9:01  Marine  
  113  9:04  Armory  
  113  9:06  Medivac  
  115  9:13  Medivac  
  115  9:16  Marine  
  118  9:19  Supply Depot  
  118  9:23  Supply Depot  
  118  9:40  Marine x3  
  118  9:41  Marauder  
  118  9:44  Supply Depot  
  123  9:49  Supply Depot  
  123  9:50  Terran Infantry Weapons Level 2  
  123  9:53  Terran Infantry Armor Level 2  
  123  9:58  Marine  
  124  10:02  Marauder  
  126  10:12  Command Center  
  70  11:04  Marine  
  70  11:06  Marine x2  
  70  11:07  Marauder  
  70  11:11  Viking x2  
  79  11:22  Marine  
  79  11:23  Marine  
  81  11:29  Marauder, Marine  
  84  11:39  Barracks  
  84  11:40  Marine  
  84  11:41  Marine  
  84  11:44  Viking x2  
  84  11:46  Orbital Command  
  90  11:47  Marine  
  90  11:50  Marauder  
  93  11:58  Marine  
  93  11:59  Marine  
  95  12:05  Marine  
  96  12:11  Marine  
  96  12:13  SCV  
  96  12:15  SCV  
  99  12:16  Marine  
  99  12:17  Marine  
  99  12:18  Viking  
  103  12:23  Marine  
  103  12:25  SCV  
  103  12:27  SCV  
  103  12:29  Marine  
  107  12:34  Marine  
  82  12:51  Marine  
Tags
 
Add a new tag
Caveats
  • Supply blocks, unpowered buildings, or Contaminate may cause inaccurate times.
  • Supply counts are checked every 10 seconds.